Map: Tropical Sacrifice

Players

ALLMIGHT - Winner!

  • Race: Zerg Zerg
  • League: Grandmaster
  • Spawn Location: 7:00

WhoCares

  • Race: Zerg Zerg
  • League: Master
  • Spawn Location: 1:00

VOD

Have the link to the VOD?

Description

Time

  • Played on: Jan. 16, 2023, 11:23 p.m.
  • Length: 9:19
Show
View Real Time Build Order
Export as new Build Order

ALLMIGHT Zerg - Winner!

Build Orders: Hatch First 

Get SALT Encoding   

  12  0:01  Drone  
  13  0:13  Overlord  
  13  0:18  Drone  
  14  0:31  Drone x2  
  16  0:49  Hatchery  
  15  0:52  Drone  
  15  0:55  Drone  
  17  0:59  Drone  
  18  1:09  Extractor  
  17  1:15  Spawning Pool  
  17  1:17  Drone  
  17  1:21  Drone  
  18  1:31  Drone  
  19  1:48  Overlord  
  19  2:02  Queen  
  19  2:03  Zergling x6  
  26  2:11  Zergling x2  
  26  2:13  Metabolic Boost  
  27  2:16  Zergling x2  
  27  2:23  Zergling x2  
  27  2:27  Zergling x2  
  29  2:33  Overlord  
  27  2:39  Baneling Nest  
  26  2:48  Queen  
  26  2:49  Overlord  
  26  2:51  Overlord  
  27  3:00  Zergling x2  
  26  3:05  Zergling x2  
  17  3:22  Zergling x6  
  12  3:37  Drone  
  9  3:52  Baneling x2  
  4  4:40  Drone  
  4  5:02  Zergling x2  
  5  5:17  Zergling x2  
  6  5:35  Drone  
  6  6:03  Zergling x2  
  6  6:15  Zergling x2  
  7  6:19  Drone  
  8  6:32  Zergling x2  
  8  6:50  Zergling x2  
  9  6:59  Zergling x2  
  10  7:16  Zergling x2  
  10  7:22  Drone  
  10  7:30  Zergling x2  
  11  7:37  Baneling  
  11  7:46  Drone  
  12  7:58  Drone  
  13  8:07  Zergling x2  
  13  8:29  Zergling x6  
  13  8:31  Baneling  
  15  8:45  Drone  
Show
View Real Time Build Order
Export as new Build Order

WhoCares Zerg 

Build Orders: 1 Base Baneling Bust, Pool First 

Get SALT Encoding   

  12  0:00  Drone  
  13  0:14  Extractor  
  12  0:24  Spawning Pool  
  12  0:28  Drone  
  12  0:33  Drone  
  13  0:38  Drone  
  14  0:50  Overlord  
  14  1:13  Zergling x6, Metabolic Boost  
  17  1:24  Zergling x2  
  18  1:35  Baneling Nest  
  18  1:36  Zergling x2  
  18  1:45  Zergling x2  
  19  1:52  Queen  
  21  2:00  Overlord  
  21  2:07  Zergling x2  
  22  2:19  Zergling x2  
  23  2:23  Baneling  
  23  2:24  Baneling  
  23  2:28  Drone  
  24  2:39  Drone  
  25  2:54  Hatchery  
  21  3:06  Drone x2  
  23  3:17  Drone x3  
  26  3:33  Roach Warren  
  24  3:37  Zergling x2  
  22  3:45  Zergling x2  
  10  4:09  Baneling  
  10  4:20  Drone  
  11  4:37  Drone  
  5  5:16  Drone  
  6  5:43  Drone  
  6  6:04  Zergling x2  
  6  6:31  Drone  
  7  6:53  Zergling x2  
  4  7:41  Drone  
  5  7:54  Baneling  
  5  8:34  Drone  
  6  8:49  Baneling  
Tags
 
Add a new tag
Caveats
  • Supply blocks, unpowered buildings, or Contaminate may cause inaccurate times.
  • Supply counts are checked every 10 seconds.